 Dungeon Crawl Stone Soup version 0.18.1-6-gd335043 (webtiles) character file.

986 mistymad the Chopper (level 7, -14/64 HPs)
             Began as a Minotaur Berserker on May 18, 2016.
             Was a Priest of Trog.
             Engulfed by a cloud of freezing vapour (18 damage)
             ... on level 5 of the Dungeon.
             The game lasted 00:14:56 (5321 turns).

mistymad the Chopper (Minotaur Berserker)           Turns: 5321, Time: 00:14:57

Health: -14/64     AC: 15    Str: 22    XL:     7   Next: 97%
Magic:  6/6        EV: 17    Int:  4    God:    Trog [***...]
Gold:   240        SH:  0    Dex: 11    Spells: 0 memorised, 6 levels left

rFire  . . .     SeeInvis .     w - +0 war axe
rCold  . . .     Gourm    .     y - quicksilver dragon armour
rNeg   . . .     Faith    .     (no shield)
rPois  .         Spirit   .     (helmet restricted)
rElec  .         Dismiss  .     G - +0 cloak {+Inv}
rCorr  .         Reflect  .     (no gloves)
SustAt .         Harm     .     p - +2 pair of boots
MR     +++..                    (no amulet)
Stlth  +.........               (no ring)
                                E - +4 ring of evasion

@: regenerating, extremely resistant to hostile enchantments, very unstealthy
A: retaliatory headbutt, horns 2
a: Berserk, Trog's Hand, Burn Spellbooks, Renounce Religion, Evoke Invisibility


You were on level 5 of the Dungeon.
You worshipped Trog.
Trog was most pleased with you.
You were near starving.

You visited 1 branch of the dungeon, and saw 5 of its levels.
You also visited: Sewer.

You collected 240 gold pieces.

Inventory:

Hand Weapons
 w - a +0 war axe (weapon)
Armour
 p - a +2 pair of boots (worn)
 y - a quicksilver dragon armour (worn)
 G - a +0 cloak of invisibility (worn)
Jewellery
 E - a +4 ring of evasion (left hand)
Wands
 u - a wand of flame (28/48)
 I - a wand of confusion (26/48)
Scrolls
 a - 2 scrolls of recharging {unknown}
 b - a scroll of enchant weapon {unknown}
 d - 2 scrolls of enchant armour {unknown}
 g - 7 scrolls of identify {unknown}
 h - 3 scrolls of remove curse
 k - 4 scrolls of teleportation {unknown}
 l - 3 scrolls of amnesia {unknown}
 n - 3 scrolls of immolation {unknown}
 o - a scroll of magic mapping {unknown}
 r - 2 scrolls of blinking {unknown}
 x - a scroll of random uselessness {unknown}
 F - a scroll of fog {unknown}
 H - a scroll of acquirement {unknown}
Potions
 e - 2 potions of degeneration {unknown}
 f - a potion of brilliance {unknown}
 i - 2 potions of curing {unknown}
 j - a potion of might {unknown}
 m - a potion of mutation {unknown}
 v - 7 potions of flight {unknown}
 B - 2 potions of invisibility {unknown}
 C - a potion of heal wounds {unknown}
 D - a potion of ambrosia {unknown}
Comestibles
 c - 3 bread rations
 q - 2 meat rations
 s - a royal jelly
 t - 3 fruits
 z - 4 beef jerkies


   Skills:
 + Level 6.4 Fighting
 * Level 7.4 Axes
 + Level 5.1 Armour
 + Level 5.3 Dodging


You had 6 spell levels left.
You didn't know any spells.

Dungeon Overview and Level Annotations

Branches:
Dungeon (5/15)
 Temple: D:4-7

Altars:
Dithmenos
Elyvilon
Gozag
Kikubaaqudgha
Okawaru
Sif Muna
Vehumet
Xom
Yredelemnul
The Shining One


Innate Abilities, Weirdness & Mutations

You reflexively headbutt those who attack you in melee.
You have a pair of horns on your head.


Message History

Done waiting.
Really walk into a travel-excluded area?
You are engulfed in freezing vapours.
You are engulfed in freezing vapours.
You are engulfed in freezing vapours.
You are engulfed in freezing vapours.
You are engulfed in freezing vapours.
* * * LOW HITPOINT WARNING * * *
Really walk into that cloud of freezing vapour? [Y]es or [N]o only, please.
Really walk into that cloud of freezing vapour?
Okay, then.
Unknown command.
Your skin crawls.
You feel resistant to hostile enchantments.
You feel slightly more hungry.
You are engulfed in freezing vapours.
* * * LOW HITPOINT WARNING * * *
You are engulfed in freezing vapours.
You die...

##§#.## ##§#.##
##§#.## ##§#.##
.....# ##§#.##
.......# ##§#.##
.##....#########§#%##
.##....'.....###§#%##
.......#.###...8@#/##
......##...#.#.'.#?##
......'....#.##8.#%##
......######.########
......'....#........#
#.....####.########.#
#.....# #.#.. #.#
#.....# #.#.# #.#
####### #.#.# #.#


There were no monsters in sight!

Vanquished Creatures
  2 ogres (D:5)
  A sky beast (D:5)
  2 centaurs (D:5)
  2 crimson imps (D:5)
  3 orc priests (D:3)
  An orc wizard (D:3)
  Crazy Yiuf (D:5)
  Natasha (thrice) (D:3)
  An iguana (D:4)
  4 worker ants
  A hound zombie (D:5)
  An adder (D:5)
  A shadow imp (D:5)
  2 oozes
  2 adder skeletons (D:4)
  A worm (D:5)
  A dart slug (D:1)
  8 giant geckos
  7 orcs
  3 ball pythons (Sewer)
  5 giant cockroaches
  7 goblins
  4 hobgoblins
  11 jackals
  A ball python skeleton (D:4)
  16 bats
  7 giant newts
  9 kobolds
  7 rats
114 creatures vanquished.

Notes
Turn   | Place    | Note
--------------------------------------------------------------
     0 | D:1      | mistymad the Minotaur Berserker began the quest for the Orb.
     0 | D:1      | Reached XP level 1. HP: 19/19 MP: 0/0
   158 | D:1      | Reached skill level 4 in Axes
   158 | D:1      | Reached XP level 2. HP: 27/27 MP: 1/1
   428 | D:1      | Reached ** piety under Trog
   744 | D:1      | Reached XP level 3. HP: 32/33 MP: 2/2
  1613 | D:3      | Noticed Natasha
  1622 | D:3      | Killed Natasha
  1622 | D:3      | Reached XP level 4. HP: 22/41 MP: 3/3
  1684 | D:3      | Noticed Natasha
  1693 | D:3      | Killed Natasha
  1989 | D:3      | Reached skill level 5 in Axes
  1989 | D:3      | Reached XP level 5. HP: 29/47 MP: 4/4
  1992 | D:3      | Reached skill level 5 in Fighting
  2148 | D:3      | Found a shadowy altar of Dithmenos.
  2313 | D:3      | Found an iron altar of Okawaru.
  2432 | D:3      | Noticed Natasha
  2439 | D:3      | Killed Natasha
  2566 | D:3      | Reached XP level 6. HP: 37/56 MP: 5/5
  2944 | D:4      | Found an opulent altar of Gozag.
  3112 | D:4      | Found a glowing golden altar of the Shining One.
  3167 | D:4      | Found an ancient bone altar of Kikubaaqudgha.
  3177 | D:4      | Found a deep blue altar of Sif Muna.
  3285 | D:4      | Found a radiant altar of Vehumet.
  3289 | D:4      | Identified Vehumet's Incunabulum of Conjuration
  3326 | D:4      | Found a shimmering altar of Xom.
  3404 | D:5      | Entered Level 5 of the Dungeon
  3415 | D:5      | Reached skill level 6 in Axes
  3441 | D:5      | Found a basalt altar of Yredelemnul.
  3507 | D:5      | Found a glowing drain.
  3515 | Sewer    | Entered a sewer
  3517 | Sewer    | Reached *** piety under Trog
  4080 | D:5      | Reached XP level 7. HP: 57/62 MP: 6/6
  4262 | D:5      | Noticed Crazy Yiuf
  4271 | D:5      | Killed Crazy Yiuf
  4340 | D:5      | Found a white marble altar of Elyvilon.
  4389 | D:5      | Reached skill level 7 in Axes
  4389 | D:5      | Reached skill level 5 in Dodging
  4458 | D:5      | Reached skill level 5 in Armour
  5320 | D:5      | HP: 3/64 [something (16)]
  5321 | D:5      | Engulfed by a cloud of freezing vapour

Skill      XL: |  1  2  3  4  5  6  7 |
---------------+----------------------+-----
Axes           | 4 5 6 7 |  7.4
Fighting       | 4 5 6 |  6.4
Armour         | 3 4 5 |  5.1
Dodging        | 3 4 5 |  5.3

Action                   |  1- 3 |  4- 6 |  7- 9 || total
-------------------------+-------+-------+-------++-------
Melee: Hand axe          |    90 |    55 |       ||   145
       Headbutt          |    12 |    19 |     8 ||    39
       War axe           |       |    87 |    49 ||   136
Invok: Berserk           |     1 |     1 |       ||     2
       Trog's Hand       |     1 |       |     1 ||     2
       Burn Spellbooks   |       |     1 |       ||     1
Evoke: Wand              |       |     1 |       ||     1
  Use: Scroll            |     1 |       |       ||     1
  Eat: Chunk             |     3 |     9 |     3 ||    15
Armor: Animal skin       |    26 |    15 |       ||    41
       Quicksilver drago |       |    51 |    13 ||    64
       Leather armour    |       |     2 |       ||     2
Dodge: Dodged            |    69 |   106 |    46 ||   221
